 Dungeon Crawl Stone Soup version 0.26-a0-658-gbdda728c12 (webtiles) character file.

Game seed: 1810069023072438882

133 flotson the Digger (level 5, 0/31 HPs)
             Began as an Octopode Earth Elementalist on Oct 5, 2020.
             Killed from afar by an orc wizard (5 damage)
             ... with a puff of flame
             ... on level 2 of the Dungeon.
             The game lasted 00:05:46 (2088 turns).

flotson the Digger (Octopode Earth Elementalist)    Turns: 2088, Time: 00:05:47

Health: 0/31       AC:  1    Str:  7    XL:     5   Next: 16%
Magic:  9/9        EV: 13    Int: 19    God:
Gold:   84         SH:  0    Dex: 12    Spells: 3/9 levels left

rFire    . . .     SeeInvis .     - Unarmed
rCold    . . .     Faith    .   (no shield)
rNeg     . . .     Spirit   .   (helmet restricted)
rPois    +         Reflect  .   c - amulet of regeneration
rElec    .         Harm     .   k - ring of poison resistance
rCorr    .         Rampage  .   (no ring)
MR       .....                  (no ring)
Stlth    +++.......             (no ring)
HPRegen  0.50/turn              (no ring)
MPRegen  0.11/turn              (no ring)
                                (no ring)
                                (no ring)

@: no status effects
A: almost no armour, stealthy swim, amphibious, 8 rings, constrict 8, camouflage
1, gelatinous body 1
a: no special abilities


You were on level 2 of the Dungeon.
You visited 1 branch of the dungeon, and saw 3 of its levels.

You collected 84 gold pieces.

Inventory:

Missiles
 b - 60 stones (quivered)
Jewellery
 c - an amulet of regeneration (around mantle)
 k - a ring of poison resistance (left tentacle)
 m - an uncursed amulet of the acrobat {unknown}
Scrolls
 a - a scroll of immolation {unknown}
 d - 4 scrolls of remove curse {unknown}
 e - a scroll of teleportation {unknown}
 g - 3 scrolls of identify {unknown}
 l - a scroll of magic mapping {unknown}
Potions
 f - 2 potions of magic {unknown}
 h - 3 potions of haste {unknown}
 i - a potion of ambrosia {unknown}
 j - a potion of stabbing {unknown}


   Skills:
 + Level 0.2 Fighting
 + Level 2.4 Dodging
 + Level 3.4 Stealth
 + Level 1.6 Unarmed Combat
 + Level 2.7 Spellcasting
 + Level 1.0 Transmutations
 + Level 4.2 Earth Magic


You had 3 spell levels left.
You knew the following spells:

 Your Spells              Type           Power        Failure   Level
a - Sandblast             Erth           ###...       2%          1
b - Passwall              Tmut/Erth      ##......     8%          2
c - Stone Arrow           Conj/Erth      ##....       19%         3

Your spell library contained the following spells:

 Spells                   Type           Power        Failure   Level
 Petrify                  Tmut/Erth      ##......     45%         4
 Lee's Rapid Deconstruct  Erth           ###.......   58%         5


Dungeon Overview and Level Annotations

Branches:
Dungeon (3/15)

Altars:


Innate Abilities, Weirdness & Mutations

You cannot wear most types of armour.
You are very stealthy in the water. (Stealth+)
You are amphibious.
You can wear up to eight rings at the same time.
You can use your tentacles to constrict eight enemies at once.
Your skin changes colour to match your surroundings (Stealth+).
Your rubbery body absorbs attacks. (AC +1, EV +1)


Message History

The orc misses you.
You see here a flail.
You are confused.
You feel less confused. Something hits you but does no damage.
There is a stone staircase leading up here.
Something hits you.
You climb upwards.
Reactivating autopickup.
There is a stone staircase leading down here.
Deactivating autopickup; reactivate with Ctrl-A.
You barely miss something. Something hits you. Something barely misses you.
You hear some strange, mumbled words.
A puff of flame appears from out of thin air!
The puff of flame hits you!
* * * LOW HITPOINT WARNING * * *
A puff of flame appears from out of thin air!
The puff of flame hits you.
You die...

...........##
...........#
...........#
####.......#
...........#######
...)...........{>#
##.#.........###.#
##.####......# #.#
##.####......# #@#
##...##......###.#
##...##.##.....#.#
##...##.##.....#.#
##.####.##.....#.#
.#.# #.##.....#.#
.#.# #.##.....#.#
.#.# #.##.....#.#
.†.# #.##.....#.#


There were no monsters in sight!

Vanquished Creatures
  2 gnolls
  5 adders
  An ooze (D:1)
  2 worms (D:2)
  A dart slug (D:1)
  2 leopard geckos
  2 orcs (D:3)
  A ball python (D:1)
  2 giant cockroaches (D:1)
  6 hobgoblins
  11 bats
  5 frilled lizards
  5 goblins
  6 kobolds
  5 rats
56 creatures vanquished.

Notes
Turn   | Place    | Note
-------+----------+-------------------------------------------
     0 | D:1      | flotson the Octopode Earth Elementalist began the quest for
                  | the Orb.
     0 | D:1      | Reached XP level 1. HP: 11/11 MP: 3/3
   324 | D:1      | Reached XP level 2. HP: 17/17 MP: 1/5
   398 | D:1      | Learned a level 2 spell: Passwall
   663 | D:1      | Reached XP level 3. HP: 18/21 MP: 6/6
  1067 | D:2      | Reached skill level 1 in Unarmed Combat
  1166 | D:2      | Learned a level 3 spell: Stone Arrow
  1196 | D:2      | Reached XP level 4. HP: 27/27 MP: 4/7
  1232 | D:2      | Reached skill level 4 in Earth Magic
  1870 | D:2      | Reached XP level 5. HP: 31/31 MP: 5/9
  2088 | D:2      | Killed from afar by an orc wizard

Illustrated notes

Levels and vault maps discovered:
D:1:      dpeg_arrival_connections, layout_basic
D:2:      layout_basic, minmay_misc_feat_tiny, minmay_misc_feat_secret_circle
D:3:      layout_basic, chequers_ecumenical_altar_simple_redux

Skill      XL: |  1  2  3  4 |
---------------+-------------+-----
Unarmed Combat | 1 |  1.6
Stealth        | 3 |  3.4
Earth Magic    | 4 |  4.2
Fighting       | |  0.2
Dodging        | |  2.4
Spellcasting   | |  2.7
Transmutations | |  1.0

Action                   |  1- 3 |  4- 6 || total
-------------------------+-------+-------++-------
Melee: Unarmed           |    86 |    42 ||   128
       Constrict         |    23 |    13 ||    36
       Tentacles         |    16 |    10 ||    26
 Cast: Sandblast         |    18 |    17 ||    35
       Passwall          |     1 |       ||     1
 Stab: Sleeping          |     5 |     5 ||    10
Armor: Skin              |    16 |     5 ||    21
Dodge: Dodged            |    68 |    44 ||   112

Table legend: (Time is in decaauts)
 A = Elapsed time spent in this place.
 B = Non-inter-level travel time spent in this place.
 C = Inter-level travel time spent in this place.
 D = Time resting spent in this place.
 E = Time spent auto-exploring this place.
 F = Levels seen in this place.
 G = Mean time per level.
                   A        B        C        D        E       F      G
               +--------+--------+--------+--------+--------+-----+--------+
         Total |   2086 |   1983 |    103 |    202 |   1336 |   3 |  695.3 |
       Dungeon |   2086 |   1983 |    103 |    202 |   1336 |   3 |  695.3 |
               +--------+--------+--------+--------+--------+-----+--------+

Top non-repeatable levels by time:
     D:1: 1080 daAuts
     D:2: 886 daAuts
     D:3: 120 daAuts
